 Seeded DCSS version 0.30-a0-948-g4fa250aae5 (webtiles) character file.

Game seed: 20230326 (custom seed)

2560 a11behringer the Shield-Bearer (level 9, 0/69 HPs)
             Began as a Formicid Fighter on Mar 26, 2023.
             Was a Priest of Okawaru.
             Slain by a killer bee (4 damage)
             ... on level 7 of the Dungeon.
             The game lasted 00:15:17 (6321 turns).

a11behringer the Shield-Bearer (Formicid Fighter)   Turns: 6321, Time: 00:15:18

Health: 0/69       AC: 16    Str: 24    XL:     9   Next: 86%
Magic:  11/11      EV: 10    Int:  9    God:    Okawaru [***...]
Gold:   200        SH: 15    Dex: 13    Spells: 8/8 levels left

rFire   . . .      SeeInvis +    a - +0 flail (elec)
rCold   . . .      Faith    .    v - +1 tower shield
rNeg    . . .      Spirit   .    o - +0 plate armour
rPois   .          Reflect  .    (helmet unavailable)
rElec   .          Rampage  .    (no cloak)
rCorr   .                        t - +1 pair of gloves
Will    .....                    H - +0 pair of boots {Fly} Stlth
                                 (no amulet)
HPRegen 0.31/turn                x - +5 ring of evasion
MPRegen 0.12/turn                (no ring)

@: flying
A: permanent stasis, dig shafts and tunnels, antennae 3, four strong arms
a: Dig, Shaft Self, Renounce Religion, Heroism


You were on level 7 of the Dungeon.
You worshipped Okawaru.
Okawaru was most pleased with you.
You visited 2 branches of the dungeon, and saw 8 of its levels.

You collected 400 gold pieces.
You spent 200 gold pieces at shops.

Inventory:

Hand Weapons
 a - a +0 flail of electrocution (weapon)
 u - a +1 spear of venom
 w - a +0 morningstar
Armour
 b - a +0 scale mail
 c - a +0 buckler
 e - a +0 pair of gloves
 h - +0 swamp dragon scales
 o - a +0 plate armour (worn)
 t - a +1 pair of gloves (worn)
 v - a +1 tower shield (worn)
 B - a +0 pair of boots
 E - a +4 ring mail
 H - a +0 pair of boots of flying (worn)
Magical Staves
 g - a staff of poison
Jewellery
 s - a ring of poison resistance
 x - a +5 ring of evasion (left hand)
Wands
 q - a wand of light (7)
 y - a wand of mindburst (18)
Scrolls
 f - 2 scrolls of immolation {unknown}
 j - 2 scrolls of enchant armour
 m - 2 scrolls of magic mapping {unknown}
 n - 5 scrolls of teleportation
 p - a scroll of vulnerability
 r - 4 scrolls of fear {unknown}
 D - a scroll of silence
 F - a scroll of torment {unknown}
 G - 2 scrolls of identify
 K - a scroll of blinking {unknown}
Potions
 d - 3 potions of might
 i - 4 potions of brilliance
 k - a potion of curing
 l - 4 potions of haste
 z - a potion of flight {unknown}
 A - a potion of heal wounds {unknown}
 C - 2 potions of lignification {unknown}
 I - a potion of degeneration {unknown}
 J - a potion of resistance {unknown}


   Skills:
 + Level 6.2 Fighting
 * Level 7.2 Maces & Flails
 + Level 6.2 Armour
 + Level 3.8 Dodging
 + Level 7.4 Shields
 + Level 3.6 Invocations
 + Level 3.3 Evocations


You had 8 spell levels left.
You didn't know any spells.
Your spell library contained the following spells:

 Spells                   Type           Power      Damage    Failure   Level
 Apportation              Tloc           0%         N/A       100%        1
 Necrotise                Necr           0%         1d4       100%        1
 Shock                    Conj/Air       0%         1d3       100%        1
 Slow                     Hex            0%         N/A       100%        1
 Ozocubu's Armour         Ice            0%         N/A       100%        3
 Vampiric Draining        Necr           0%         2d6       100%        3
 Airstrike                Air            0%         2d(0-16)  100%        4
 Agony                    Necr           0%         N/A       100%        5
 Ozocubu's Refrigeration  Ice            0%         4d7       100%        7
 Swiftness                Air            Unusable   N/A       N/A         3

Dungeon Overview and Level Annotations

Branches:
Dungeon (7/15)             Temple (1/1) D:6

Altars:
Cheibriados
Elyvilon
Fedhas
Gozag
Hepliaklqana
Kikubaaqudgha
Makhleb
Nemelex Xobeh
Okawaru
Qazlal
Sif Muna
Trog
Vehumet
Wu Jian
Xom
Yredelemnul
The Shining One

Shops:
D:4 *[?   D:5 [

Annotations:
D:5 3 runed translucent doors, DeathPants's ghost, novice VSWn; Jeffwins's ghost, novice HuWn; cforsyth's ghost, amateur VSFi; jlumianski's ghost, novice DsFi; roninjake's ghost, novice MfGl


Innate Abilities, Weirdness & Mutations

You cannot be hasted, slowed, berserked, paralysed or teleported.
You can dig through walls and to a lower floor.
You have a pair of large antennae on your head. (SInv)
Your four strong arms can wield two-handed weapons with a shield.


Message History

You are no longer poisoned.
The deep elf pyromancer casts a spell.
You block the deep elf pyromancer's attack.
You miss the deep elf pyromancer.
The deep elf pyromancer is heavily wounded.
The fire elemental closely misses you.
The deep elf pyromancer casts a spell at you.
The bolt of fire misses you.
The bolt of fire hits the fire elemental.
The fire elemental completely resists.
You hit the deep elf pyromancer but do no damage.
The deep elf pyromancer is heavily wounded.
You block the fire elemental's attack.
The deep elf pyromancer hits you but does no damage.
The fire elemental hits you. The fire elemental burns you!
You sock the deep elf pyromancer!
The deep elf pyromancer is severely wounded.
The deep elf pyromancer hits you but does no damage.
The fire elemental hits you. The fire elemental burns you!
* * * LOW HITPOINT WARNING * * *
The deep elf pyromancer barely misses you.
The fire elemental hits you. The fire elemental burns you!
* * * LOW HITPOINT WARNING * * *
You closely miss the deep elf pyromancer.
The deep elf pyromancer is severely wounded.
You block the fire elemental's attack.
The deep elf pyromancer hits you but does no damage.
You sock the deep elf pyromancer!
Lightning courses through the deep elf pyromancer!
You kill the deep elf pyromancer!
Okawaru is honoured by your kill.
Okawaru will now gift you throwing weapons as you gain piety.
The fire elemental disappears in a puff of smoke! x2
The killer bee stings you but does no damage.
Your Maces & Flails skill increases to level 7!
You sock the killer bee!
You kill the killer bee!
Okawaru accepts your kill. You block the killer bee's attack.
The killer bee stings you.
You die...

.................#
####.##.....#....#
.....###...##....#
###### ##>###....#
#.# #..#.#
#.###☼.#.##
#....°○...#
##..°○○#y##
#.##.##@# #.
#>##.# #.##.#
#.##.# yE##.#
#.##.# #.....
####.#


You could see a killer bee.

Vanquished Creatures
  A deep elf pyromancer (D:7)
  Joseph (D:7)
  Grinder (D:5)
  A wyvern (D:7)
  A steam dragon (D:7)
  Menkaure (D:5)
  A black bear (D:5)
  A centaur (D:7)
  A phantom (D:5)
  4 scorpions
  2 killer bees (D:7)
  A howler monkey (D:6)
  6 hounds
  2 jellies (D:6)
  An orc priest (D:7)
  2 iguanas (D:5)
  5 orc wizards
  3 gnolls (D:3)
  8 adders
  A white imp (D:7)
  2 ufetubi
  A worm (D:4)
  3 dart slugs
  22 orcs
  14 ball pythons
  3 bats (D:1)
  6 endoplasms
  4 giant cockroaches
  4 goblins
  7 hobgoblins
  8 jackals
  4 kobolds
  2 quokkas (D:3)
  6 frilled lizards
  6 rats
136 creatures vanquished.

Vanquished Creatures (others)
  An orc wizard (D:6)
  An orc (D:7)
  5 plants (D:7)
7 creatures vanquished.

Grand Total: 143 creatures vanquished

Notes
Turn   | Place    | Note
-------+----------+-------------------------------------------
     0 | D:1      | a11behringer the Formicid Fighter began the quest for the
                  | Orb.
     0 | D:1      | Reached XP level 1. HP: 18/18 MP: 1/1
   140 | D:1      | Reached XP level 2. HP: 21/24 MP: 2/2
   267 | D:1      | Reached XP level 3. HP: 28/29 MP: 3/3
  1134 | D:2      | Reached XP level 4. HP: 37/37 MP: 4/4
  2020 | D:3      | Found a bloodstained altar of Trog.
  2108 | D:3      | Found a faded altar of an unknown god.
  2116 | D:3      | Noticed a scorpion
  2135 | D:3      | Killed a scorpion
  2136 | D:3      | Reached XP level 5. HP: 38/42 MP: 5/5
  2161 | D:3      | Found a snail-covered altar of Cheibriados.
  2451 | D:3      | Reached skill level 1 in Dodging
  2451 | D:3      | Reached XP level 6. HP: 48/48 MP: 6/6
  2697 | D:3      | Found a burning altar of Makhleb.
  2749 | D:4      | Found Zocaoth's Antique Armour Shoppe.
  2795 | D:4      | Reached skill level 5 in Shields
  2902 | D:4      | Found an iron altar of Okawaru.
  2952 | D:4      | Became a worshipper of Warmaster Okawaru
  2961 | D:4      | Found a sparkling altar of Nemelex Xobeh.
  2966 | D:4      | You fall into a shaft and drop 3 floors!
  3215 | D:5      | Entered Level 5 of the Dungeon
  3263 | D:5      | Reached XP level 7. HP: 52/55 MP: 7/7
  3430 | D:5      | Found an ancient bone altar of Kikubaaqudgha.
  3493 | D:4      | Found a radiant altar of Vehumet.
  3513 | D:4      | Reached * piety under Okawaru
  3660 | D:4      | Reached skill level 5 in Maces & Flails
  3660 | D:4      | Reached skill level 5 in Armour
  3687 | D:4      | Found Acalause's Magic Scroll Boutique.
  3697 | D:4      | Bought a scroll of identify for 28 gold pieces
  3809 | D:4      | Found Utoet's General Store.
  3955 | D:5      | Reached skill level 5 in Fighting
  3955 | D:5      | Reached XP level 8. HP: 62/62 MP: 8/8
  3971 | D:5      | Noticed Menkaure
  3979 | D:5      | Killed Menkaure
  4154 | D:5      | Found a runed translucent gate.
  4154 | D:5      | Found a runed translucent gate.
  4154 | D:5      | Found a runed translucent gate.
  4154 | D:5      | Noticed jlumianski's ghost (novice DsFi)
  4154 | D:5      | Noticed DeathPants's ghost (novice VSWn)
  4155 | D:5      | Noticed Jeffwins's ghost (novice HuWn)
  4155 | D:5      | Noticed roninjake's ghost (novice MfGl)
  4155 | D:5      | Noticed cforsyth's ghost (amateur VSFi)
  4195 | D:5      | Noticed Grinder
  4224 | D:5      | Killed Grinder
  4225 | D:5      | Reached skill level 1 in Invocations
  4225 | D:5      | Reached skill level 1 in Evocations
  4393 | D:5      | Found Piseciq's Armour Boutique.
  4483 | D:5      | Reached ** piety under Okawaru
  4495 | D:5      | Bought a +0 pair of boots of flying for 172 gold pieces
  5080 | D:6      | Found a shimmering blue altar of Sif Muna.
  5237 | D:6      | Got Sif Muna's Textbook on Shifting
  5239 | D:6      | Got Sif Muna's Quarto of Hexes
  5299 | D:6      | Reached XP level 9. HP: 66/67 MP: 10/10
  5324 | D:6      | Found a staircase to the Ecumenical Temple.
  5333 | Temple   | Entered the Ecumenical Temple
  6054 | D:7      | Noticed Joseph
  6064 | D:7      | Killed Joseph
  6275 | D:7      | Noticed a deep elf pyromancer
  6318 | D:7      | HP: 3/69 [fire elemental[a deep elf pyromancer] (8)]
  6320 | D:7      | Killed a deep elf pyromancer
  6320 | D:7      | Reached *** piety under Okawaru
  6321 | D:7      | Slain by a killer bee

Illustrated notes

Levels and vault maps discovered:
D:1:      matt_arrival_spirals, layout_basic, minmay_bisected
D:2:      minmay_chambers_of_twos, layout_basic
D:3:      layout_basic, lemuel_doored_altar,
          mainiacjoe_overflow_six_doors_small, old_standard_altar,
          basic_ecumenical_altar
D:4:      layout_cave_pools, okawaru_metal_pillars_3,
          mainiacjoe_overflow_alcove_1, kennysheep_mini_moat, serial_shops,
          nicolae_lakefront_shop, nicolae_lakefront_shop, shop
D:5:      layout_basic, mainiacjoe_overflow_chevrons, gammafunk_ghost_cemetery,
          kennysheep_windowed_goal, uniq_menkaure, uniq_grinder
D:6:      layout_loops_ring, nicolae_sif_muna_little_library,
          minmay_temple_entry_crystal_x
D:7:      layout_loops_ring, kennysheep_little_box, minmay_shattered_shrine,
          uniq_joseph
Temple:   kb_temple_of_zot

Skill      XL: |  1  2  3  4  5  6  7  8  9 |
---------------+----------------------------+-----
Maces & Flails | 3 4 5 6 7 |  7.2
Armour         | 4 5 6 |  6.2
Fighting       | 4 5 6 |  6.2
Dodging        | 1 2 3 |  3.8
Shields        | 5 6 7 |  7.4
Invocations    | 2 3 |  3.6
Evocations     | 2 3 |  3.3

Action                     |  1- 3 |  4- 6 |  7- 9 || total
---------------------------+-------+-------+-------++-------
  Melee: Flail             |    97 |   202 |   270 ||   569
 Invoke: Heroism           |       |       |     2 ||     2
Ability: Dig               |       |       |     1 ||     1
    Use: Scroll            |       |       |     9 ||     9
 Armour: Scale mail        |    43 |       |       ||    43
         Swamp dragon scal |    21 |    80 |    46 ||   147
         Plate armour      |       |       |    83 ||    83
  Dodge: Dodged            |    77 |    99 |   130 ||   306
  Block: Buckler           |    39 |    24 |       ||    63
         Tower shield      |       |    83 |   280 ||   363

Table legend: (Time is in decaauts)
 A = Elapsed time spent in this place.
 B = Non-inter-level travel time spent in this place.
 C = Inter-level travel time spent in this place.
 D = Time resting spent in this place.
 E = Time spent auto-exploring this place.
 F = Levels seen in this place.
 G = Mean time per level.
                   A        B        C        D        E       F      G
               +--------+--------+--------+--------+--------+-----+--------+
         Total |   6518 |   6224 |    294 |      0 |   4934 |   8 |  814.8 |
       Dungeon |   6386 |   6135 |    251 |      0 |   4851 |   7 |  912.3 |
        Temple |    132 |     89 |     43 |      0 |     83 |   1 |  132.0 |
               +--------+--------+--------+--------+--------+-----+--------+

Top non-repeatable levels by time:
     D:5: 1397 daAuts
     D:2: 1175 daAuts
     D:6: 969 daAuts
     D:1: 872 daAuts
     D:3: 767 daAuts
     D:4: 654 daAuts
     D:7: 549 daAuts
  Temple: 132 daAuts
